 Dungeon Crawl Stone Soup version 0.22.0-75-g3901e7991e (webtiles) character file.

127 Kniotic the Ruffian (level 4, -12/35 HPs)
             Began as a Draconian Transmuter on Sept 11, 2018.
             Killed by divine providence
             ... invoked by an orc priest
              (14 damage)
             ... on level 3 of the Dungeon.
             The game lasted 00:03:47 (2050 turns).

Kniotic the Ruffian (Draconian Transmuter)          Turns: 2050, Time: 00:03:47

Health: -12/35     AC:  6    Str: 13    XL:     4   Next: 85%
Magic:  7/7        EV: 12    Int: 13    God:
Gold:   194        SH:  0    Dex: 12    Spells: 4/7 levels left

rFire    . . .     SeeInvis .     - Unarmed
rCold    . . .     Gourm    .   (no shield)
rNeg     . . .     Faith    .   (armour unavailable)
rPois    .         Spirit   .   (helmet restricted)
rElec    .         Reflect  .   j - +0 cloak
rCorr    .         Harm     .   (no gloves)
MR       .....                  (no boots)
Stlth    +.........             (no amulet)
HPRegen  0.11/turn              (no ring)
MPRegen  0.10/turn              (no ring)

@: no status effects
A: unfitting armour, cold-blooded, AC +5
a: no special abilities


You were on level 3 of the Dungeon.
You were not hungry.

You visited 1 branch of the dungeon, and saw 3 of its levels.

You collected 194 gold pieces.

Inventory:

Missiles
 a - 49 arrows
Armour
 j - a +0 cloak (worn)
Jewellery
 l - a +5 amulet of reflection {unknown}
 r - a cursed ring of attention {unknown}
Wands
 p - a wand of polymorph (10)
Scrolls
 f - a scroll of enchant weapon {unknown}
 g - a scroll of immolation {unknown}
 h - 7 scrolls of identify {unknown}
 i - a scroll of magic mapping {unknown}
 n - a scroll of enchant armour {unknown}
Potions
 b - a potion of agility {unknown}
 d - 2 potions of mutation {unknown}
 e - a potion of lignification {unknown}
 k - a potion of haste {unknown}
 m - a potion of degeneration {unknown}
 o - a potion of curing {unknown}
Comestibles
 c - 9 rations


   Skills:
 - Level 1.1 Fighting
 - Level 1.7 Dodging
 + Level 4.5 Unarmed Combat
 - Level 2.0 Spellcasting
 + Level 3.8 Transmutations


You had 4 spell levels left.
You knew the following spells:

 Your Spells              Type           Power        Failure   Level  Hunger
a - Beastly Appendage     Tmut           ##....       5%          1    ##.....
b - Sticks to Snakes      Tmut           ##......     8%          2    ###....

Your spell library contained the following spells:

 Spells                   Type           Power        Failure   Level  Hunger
 Spider Form              Tmut/Pois      #.........   34%         3    ####...
 Ice Form                 Ice/Tmut       #.......     75%         4    #####..
 Blade Hands              Tmut           ##........   82%         5    ######.


Dungeon Overview and Level Annotations

Branches:
Dungeon (3/15)

Altars:
Xom


Innate Abilities, Weirdness & Mutations

Your plain brown scales are hard. (AC +5)
You cannot fit into any form of body armour.
You are cold-blooded and may be slowed by cold attacks.


Message History

You hit the orc priest.
The orc priest is almost dead.
The orc priest looks encouraged for a moment.
You barely miss the orc priest.
The orc priest is almost dead.
The orc priest hits you with a dagger.
You barely miss the orc priest.
Your tail-slap misses the orc priest.
The orc priest is almost dead.
The orc priest mumbles some strange prayers to Beogh against you.
Beogh smites you!
You barely miss the orc priest.
The orc priest is almost dead.
The orc priest invokes the aid of Beogh against you.
Beogh smites you!
* * * LOW HITPOINT WARNING * * *
You hit the orc priest.
The orc priest is almost dead.
The orc priest invokes the aid of Beogh against you.
Beogh smites you!
You die...

####.#### .......# ###
....>.### # ..###### #
#.......#.. .........#
.#.........#
....####.###.# ......#
.............###...#
..#.#..#.##....o...#
###.#..#.##.####@..#
##.......##.# #...#
##.##.##.##)# #...#
............####...##.##
##.##..#................
...#...#................
#####..##...............
#..####.####...##.##
#... <..# #...# ##


You could see an orc priest.

Vanquished Creatures
  A bullfrog skeleton (D:2)
  An adder (D:3)
  An ooze (D:2)
  2 worms
  3 leopard geckos
  2 orcs (D:3)
  3 giant cockroaches
  4 goblins
  7 hobgoblins
  5 jackals
  A quokka (D:2)
  5 bats
  A frilled lizard (D:1)
  8 kobolds
  8 rats
52 creatures vanquished.

Vanquished Creatures (collateral kills)
  2 adders (D:2)
  2 worms
  A goblin (D:2)
  A hobgoblin (D:2)
  4 jackals (D:2)
10 creatures vanquished.

Grand Total: 62 creatures vanquished

Notes
Turn   | Place    | Note
-------+----------+-------------------------------------------
     0 | D:1      | Kniotic the Draconian Transmuter began the quest for the
                  | Orb.
     0 | D:1      | Reached XP level 1. HP: 16/16 MP: 3/3
   235 | D:1      | Reached XP level 2. HP: 23/23 MP: 5/5
   239 | D:1      | Learned a level 2 spell: Sticks to Snakes
   706 | D:2      | Reached XP level 3. HP: 24/28 MP: 6/6
  1115 | D:2      | Reached skill level 4 in Unarmed Combat
  1373 | D:2      | Reached XP level 4. HP: 12/35 MP: 4/7
  1801 | D:3      | Found a shimmering altar of Xom.
  2049 | D:3      | HP: 1/35 [orc priest/divine providence (16)]
  2050 | D:3      | Killed from afar by an orc priest

Skill      XL: |  1  2  3 |
---------------+----------+-----
Transmutations | 3 |  3.8
Unarmed Combat | 4 |  4.5
Fighting       | |  1.1
Dodging        | |  1.7
Spellcasting   | |  2.0

Action                   |  1- 3 |  4- 6 || total
-------------------------+-------+-------++-------
Melee: Unarmed           |   154 |    75 ||   229
       Tailslap          |    21 |     5 ||    26
       Punch             |     3 |     2 ||     5
 Cast: Sticks to Snakes  |     4 |     5 ||     9
 Stab: Sleeping          |     1 |       ||     1
       Distracted        |     2 |       ||     2
  Eat: Chunk             |     2 |     3 ||     5
Armor: Skin              |    53 |    19 ||    72
Dodge: Dodged            |   129 |    34 ||   163
